 Dungeon Crawl Stone Soup version 0.21.0-25-ge575cb9 (webtiles) character file.

13241 nikopol the Blocker (level 12, 0/73 HPs)
             Began as a Gargoyle Fighter on Jan 23, 2018.
             Was an Elder of Okawaru.
             Slain by a troll (6 damage)
             ... on level 10 of the Dungeon.
             The game lasted 00:28:38 (10552 turns).

nikopol the Blocker (Gargoyle Fighter)             Turns: 10552, Time: 00:28:39

Health: 0/73       AC: 24    Str: 24    XL:     12   Next: 4%
Magic:  12/12      EV:  9    Int:  9    God:    Okawaru [****..]
Gold:   449        SH: 12    Dex: 10    Spells: 11/11 levels left

rFire    + . .     SeeInvis +   a - +0 war axe
rCold    + . .     Gourm    .   c - +0 shield
rNeg     + . .     Faith    .   v - +2 chain mail {rPois}
rPois    ∞         Spirit   .   y - +0 helmet
rElec    +         Reflect  .   M - scarf {rC+ rF+}
rCorr    .         Harm     .   (no gloves)
MR       +....                  L - +0 pair of boots
Stlth    ..........             (no amulet)
HPRegen  0.22/turn              P - ring of see invisible
MPRegen  0.13/turn              z - ring of protection from magic

@: no status effects
A: negative energy resistance 1, electricity resistance, unbreathing,
petrification resistance, rot immunity, AC +8
a: Heroism, Renounce Religion


You were on level 10 of the Dungeon.
You worshipped Okawaru.
Okawaru was greatly pleased with you.
You were not hungry.

You visited 2 branches of the dungeon, and saw 12 of its levels.

You collected 449 gold pieces.

Inventory:

Hand Weapons
 a - a +0 war axe (weapon)
Missiles
 q - 209 stones (quivered)
 T - a throwing net
Armour
 c - a +0 shield (worn)
 v - a +2 chain mail of poison resistance (worn)
 y - a +0 helmet (worn)
 L - a +0 pair of boots (worn)
 M - a scarf of resistance (worn)
Jewellery
 d - an uncursed ring of flight
 z - a ring of protection from magic (right hand)
 C - an uncursed ring of positive energy
 G - a +3 ring of protection
 P - a ring of see invisible (left hand)
 R - a +2 ring of dexterity
Wands
 e - a wand of paralysis (10)
 u - a wand of enslavement (5)
 H - a wand of polymorph (47)
 I - a wand of flame (39)
 J - a wand of iceblast (8)
 K - a wand of digging (13)
 N - a wand of acid (8)
Scrolls
 h - 2 scrolls of magic mapping
 i - 4 scrolls of fear
 j - 4 scrolls of identify
 k - 10 scrolls of remove curse
 m - a scroll of immolation {unknown}
 n - 6 scrolls of teleportation
 w - 3 scrolls of amnesia {unknown}
 D - 2 scrolls of fog {unknown}
 E - 2 scrolls of enchant armour {unknown}
 O - a scroll of torment {unknown}
 Q - a scroll of noise {unknown}
 S - a scroll of enchant weapon {unknown}
Potions
 g - a potion of magic {unknown}
 l - 3 potions of agility
 o - a potion of flight
 p - 3 potions of curing
 s - 2 potions of invisibility
 t - a potion of berserk rage
 x - 4 potions of haste
 A - 3 potions of heal wounds
 B - a potion of resistance
 F - 2 potions of cancellation
Miscellaneous
 b - a phantom mirror
 U - a lightning rod (4/4)
Comestibles
 f - 21 rations
 r - 4 chunks of flesh


   Skills:
 + Level 8.1 Fighting
 + Level 10.1 Axes
 + Level 4.2 Throwing
 + Level 8.6 Armour
 + Level 4.1 Dodging
 + Level 2.8 Stealth
 + Level 10.4 Shields
 + Level 0.2 Invocations
 + Level 1.1 Evocations


You had 11 spell levels left.
You didn't know any spells.

Dungeon Overview and Level Annotations

Branches:
Dungeon (11/15)            Temple (1/1) D:6            Lair (0/6) D:10
    Orc (0/2) D:11

Altars:
Ashenzari
Cheibriados
Dithmenos
Elyvilon
Fedhas
Gozag
Hepliaklqana
Kikubaaqudgha
Makhleb
Nemelex Xobeh
Okawaru
Qazlal
Ru
Sif Muna
Trog
Uskayaw
Vehumet
Wu Jian
Xom
Yredelemnul
Zin
The Shining One

Shops:
D:8 %


Innate Abilities, Weirdness & Mutations

You are resistant to torment.
Your stone body is resilient. (AC +8)
You are immune to poison.
You resist negative energy. (rN+)
You are resistant to electric shocks. (rElec)
You can survive without breathing.
You are immune to petrification.
You are immune to rotting.


Message History

The troll is moderately wounded.
The troll bites you but does no damage.
The troll claws you but does no damage. x2
You hit the troll.
The troll is heavily wounded.
You block the troll's attack.
The troll claws you but does no damage. x2
You slash the troll!
The troll is heavily wounded.
You block the troll's attack. The troll barely misses you.
The troll claws you but does no damage.
You hit the troll.
The troll is severely wounded.
The troll bites you.
* * * LOW HITPOINT WARNING * * *
The troll claws you but does no damage. You block the troll's attack.
You closely miss the troll.
The troll is severely wounded.
The troll bites you but does no damage. The troll claws you!
* * * LOW HITPOINT WARNING * * *
The troll claws you.
You die...

.##...#......#.##...####..#####
..:..........#.##...# #..#
.!!...#......#.##...# #..#
./=.................# #..#
.##..........#..#...####..######
.##<...........................#
.##...###.####..#...#####.######
.##...###.####..#.........#
................@T..#######
............##.##...#
#.....###.#.##.##...#
##........#.##.##...#
.#....###.#.##.##...# .##...#
#.#.##.##...# ..#...#
#.#.##.##...# ..#...#
#.#...>.....#########
.##...########.###..........#


You could see a troll.

Vanquished Creatures
  The ghost of mopl the Martial Artist, a journeyman GnTm of Wu Jian (D:9)
  2 two-headed ogres (D:9)
  Pikel (D:5)
  An ugly thing (D:10)
  An ice statue (D:9)
  A troll (D:10)
  A hornet (D:9)
  A hippogriff (D:10)
  A spriggan (D:7)
  Grum (D:9)
  A hungry ghost (D:8)
  Eustachio (D:4)
  Edmund (D:4)
  A black bear (D:10)
  An ice beast (D:9)
  An orc warrior (D:8)
  2 phantoms
  A sky beast (D:10)
  2 wolves (D:9)
  3 centaurs
  2 ogres
  A big kobold (D:11)
  Blork the orc (D:5)
  4 bullfrogs
  A water moccasin zombie (D:7)
  A wyvern skeleton (D:9)
  A water moccasin skeleton (D:9)
  A scorpion (D:5)
  4 wights
  5 howler monkeys
  2 crimson imps (D:7)
  4 bullfrog skeletons
  3 orc priests
  A jelly (D:6)
  6 orc wizards
  Ijyb (D:3)
  Jessica (D:3)
  A centaur skeleton (D:4)
  2 gnoll shamans
  An iguana (D:4)
  4 worker ants
  10 gnolls
  11 adders
  An ooze (D:4)
  An adder zombie (D:6)
  5 worms
  2 leopard geckos
  21 orcs
  2 giant cockroaches
  2 goblins (D:3)
  8 hobgoblins
  5 jackals
  5 quokkas
  3 ball pythons
  6 bats
  11 frilled lizards
  8 kobolds
  A quokka skeleton (D:4)
  5 rats
  A plant (D:4)
180 creatures vanquished.

Vanquished Creatures (others)
  A slave (D:6)
  A crimson imp (D:6)
  An iguana (D:6)
  A hound zombie (D:6)
  An adder (D:6)
  An adder skeleton (D:6)
  An orc (D:6)
  A quokka (D:6)
8 creatures vanquished.

Grand Total: 188 creatures vanquished

Notes
Turn   | Place    | Note
-------+----------+-------------------------------------------
     0 | D:1      | nikopol the Gargoyle Fighter began the quest for the Orb.
     0 | D:1      | Reached XP level 1. HP: 14/14 MP: 1/1
   268 | D:1      | Reached XP level 2. HP: 19/19 MP: 2/2
   740 | D:2      | Reached XP level 3. HP: 22/24 MP: 3/3
   962 | D:2      | Found a snail-covered altar of Cheibriados.
  1146 | D:3      | Reached XP level 4. HP: 29/29 MP: 4/4
  1216 | D:3      | Noticed Ijyb
  1247 | D:3      | Killed Ijyb
  1247 | D:3      | Reached skill level 1 in Stealth
  1312 | D:3      | Noticed Jessica
  1322 | D:3      | Killed Jessica
  1322 | D:3      | Reached XP level 5. HP: 32/33 MP: 5/5
  2014 | D:4      | Noticed Eustachio
  2405 | D:4      | Reached XP level 6. HP: 20/38 MP: 6/6
  3325 | D:4      | Killed Eustachio
  3325 | D:4      | Reached skill level 5 in Shields
  3325 | D:4      | Reached XP level 7. HP: 39/44 MP: 7/7
  3383 | D:5      | Entered Level 5 of the Dungeon
  3383 | D:5      | Noticed Blork the orc
  3383 | D:5      | Noticed Edmund
  3410 | D:4      | Killed Edmund
  3410 | D:4      | Reached skill level 1 in Throwing
  3410 | D:4      | Reached skill level 1 in Dodging
  3817 | D:5      | Killed Blork the orc
  3817 | D:5      | Reached skill level 5 in Axes
  3850 | D:5      | Reached XP level 8. HP: 46/48 MP: 8/8
  4178 | D:6      | Found a stormy altar of Qazlal.
  4186 | D:6      | Noticed Pikel
  4225 | D:5      | Killed Pikel
  4225 | D:5      | Reached skill level 5 in Fighting
  4225 | D:5      | Reached skill level 5 in Armour
  4474 | D:6      | Found a staircase to the Ecumenical Temple.
  4495 | Temple   | Entered the Ecumenical Temple
  4546 | Temple   | Became a worshipper of Warmaster Okawaru
  4891 | D:7      | Reached XP level 9. HP: 46/54 MP: 9/9
  5331 | D:7      | Reached * piety under Okawaru
  5723 | D:7      | Found an ancient bone altar of Kikubaaqudgha.
  5879 | D:8      | Found a burning altar of Makhleb.
  5879 | D:8      | Found a white marble altar of Elyvilon.
  5880 | D:8      | Found a radiant altar of Vehumet.
  5880 | D:8      | Found a glowing golden altar of the Shining One.
  5880 | D:8      | Found a hide-covered altar of Uskayaw.
  5880 | D:8      | Found a shattered altar of Ashenzari.
  5881 | D:8      | Found an opulent altar of Gozag.
  6356 | D:8      | Found Riaf's Food Shop.
  6892 | D:9      | Noticed mopl's ghost (journeyman GnTm)
  6926 | D:9      | Noticed a two-headed ogre
  7169 | D:9      | Noticed Grum
  7187 | D:9      | Killed Grum
  7187 | D:9      | Reached ** piety under Okawaru
  7221 | D:9      | Noticed a two-headed ogre
  7354 | D:9      | Killed a two-headed ogre
  7354 | D:9      | Reached XP level 10. HP: 21/60 MP: 10/10
  7627 | D:9      | Killed a two-headed ogre
  8275 | D:9      | Killed mopl's ghost
  8275 | D:9      | Reached *** piety under Okawaru
  9140 | D:9      | Reached skill level 10 in Shields
  9140 | D:9      | Reached XP level 11. HP: 68/68 MP: 11/11
  9499 | D:10     | Entered Level 10 of the Dungeon
  9509 | D:10     | Reached skill level 1 in Evocations
  9572 | D:10     | Found a staircase to the Lair.
  9667 | D:10     | Noticed a red ugly thing
  9676 | D:10     | Killed a red ugly thing
  9676 | D:10     | Reached skill level 10 in Axes
 10174 | D:10     | Reached XP level 12. HP: 56/73 MP: 12/12
 10335 | D:10     | Reached **** piety under Okawaru
 10552 | D:10     | Slain by a troll

Skill      XL: |  1  2  3  4  5  6  7  8  9 10 11 |
---------------+----------------------------------+-----
Axes           | 2 3 4 5 6 8 9 10 | 10.1
Fighting       | 4 5 6 7 8 |  8.1
Stealth        | 1 2 |  2.8
Shields        | 4 5 6 7 8 10 | 10.4
Armour         | 4 5 6 8 |  8.6
Throwing       | 1 2 4 |  4.2
Dodging        | 1 2 4 |  4.1
Evocations     | 1 |  1.1
Invocations    | |  0.2

Action                   |  1- 3 |  4- 6 |  7- 9 | 10-12 || total
-------------------------+-------+-------+-------+-------++-------
Melee: War axe           |   107 |   240 |   469 |   366 ||  1182
Throw: Stone             |       |    19 |    41 |    16 ||    76
Invok: Heroism           |       |       |       |     3 ||     3
 Abil: Evoke Flight      |       |       |       |     2 ||     2
  Use: Potion            |       |       |     1 |     1 ||     2
       Scroll            |       |       |       |    14 ||    14
  Eat: Chunk             |     1 |     3 |    22 |     7 ||    33
       Ration            |       |     1 |     1 |     1 ||     3
Armor: Scale mail        |    71 |    20 |       |       ||    91
       Chain mail        |       |   140 |   245 |   163 ||   548
Dodge: Dodged            |    41 |    80 |   112 |    73 ||   306
Block: Shield            |    61 |   134 |   250 |   203 ||   648
